 Dungeon Crawl Stone Soup version 0.16.1-2-g95b8d4c (webtiles) character file.

324 aerikr the Chopper (level 6, -11/56 HPs)
             Began as a Hill Orc Fighter on Mar 24, 2015.
             Was an Initiate of Ru.
             Mangled by a gargoyle
             ... wielding a +0 mace
              (17 damage)
             ... on level 5 of the Dungeon.
             The game lasted 00:30:24 (4158 turns).

aerikr the Chopper (Hill Orc Fighter)               Turns: 4158, Time: 00:30:24

Health: -11/56     AC:  7    Str: 26    XL:     6   Next: 48%
Magic:  6/6        EV:  8    Int:  8    God:    Ru [......]
Gold:   270        SH: 10    Dex: 12    Spells: 0 memorised, 5 levels left

rFire  . . .     SeeInvis .     A - +3 hand axe (venom)
rCold  . . .     Clarity  .     K - +0 ring mail {MR+}
rNeg   . . .     SustAb   .     c - +0 shield
rPois  +         Gourm    .     (no helmet)
rElec  .         Spirit   .     (no cloak)
rCorr  .         Warding  .     g - +0 pair of gloves
rMut   .         Stasis   .     (no boots)
MR     +....                    i - amulet of rage
Stlth  +.........               H - +2 ring of dexterity
                                d - ring of poison resistance

@: mighty, very slightly contaminated, somewhat resistant to hostile
enchantments, very unstealthy
A: no striking features
a: Sacrifice Courage, Sacrifice Experience, Sacrifice Purity, Reject Sacrifices,
Renounce Religion, Evoke Berserk Rage


You were on level 5 of the Dungeon.
You worshipped Ru.
Ru was noncommittal.
You were not hungry.

You visited 1 branch of the dungeon, and saw 5 of its levels.

You collected 270 gold pieces.

Inventory:

Hand weapons
 a - a +0 war axe
 m - a +0 hunting sling of evasion
 A - a +3 hand axe of venom (weapon)
 E - a +5 morningstar
Missiles
 f - 16 sling bullets
 k - 17 sling bullets of frost
 s - 17 silver bolts
 t - 20 stones (quivered)
Armour
 b - a +0 scale mail
 c - a +0 shield (worn)
 g - a +0 pair of gloves (worn)
 K - a +0 ring mail of magic resistance (worn)
Jewellery
 d - a ring of poison resistance (left hand)
 i - an amulet of rage (around neck)
 x - an uncursed ring of protection from cold
 H - a +2 ring of dexterity (right hand)
 I - an uncursed ring of sustain abilities {unknown}
Magical devices
 C - a wand of paralysis (6)
 G - a wand of teleportation (0)
Scrolls
 j - a scroll of magic mapping {unknown}
 o - 2 scrolls of teleportation
 q - 3 scrolls of remove curse
 y - 2 scrolls of fog {unknown}
 D - a scroll of amnesia {unknown}
Potions
 e - a potion of might
 n - a potion of restore abilities
 p - a potion of heal wounds {unknown}
 v - a potion of brilliance {unknown}
 w - a potion of resistance {unknown}
 F - a potion of ambrosia
 J - a potion of flight {unknown}
Books
 L - a book of Debilitation

   Spells                             Type                      Level
   a - Corona                         Hexes                        1
   b - Slow                           Hexes                        2
   c - Inner Flame                    Hexes/Fire                   3
   d - Enslavement                    Hexes                        4
   e - Cause Fear                     Hexes                        4
   f - Leda's Liquefaction            Hexes/Earth                  4
 M - a book of the Dragon

   Spells                             Type                      Level
   a - Flight                         Charms/Air                   3
   b - Cause Fear                     Hexes                        4
   c - Bolt of Fire                   Conjuration/Fire             6
   d - Dragon Form                    Transmutation                7
   e - Dragon's Call                  Summoning                    9
Comestibles
 r - a slice of pizza
 u - 2 meat rations
 z - 2 bread rations
 B - a royal jelly


   Skills:
 + Level 5.1 Fighting
 * Level 6.8 Axes
 + Level 4.4 Armour
 - Level 3.2 Shields


You had 5 spell levels left.
You didn't know any spells.

Dungeon Overview and Level Annotations

Branches:
Dungeon (5/15)
 Temple: D:4-7

Altars:
Cheibriados
Fedhas
Gozag
Kikubaaqudgha
Qazlal
Ru
Vehumet
Xom
The Shining One

Shops:
D:4 *}


Message History

You hit the gargoyle but do no damage.
The gargoyle is lightly damaged.
The gargoyle hits you but does no damage.
You hit the gargoyle.
The gargoyle is moderately damaged.
The gargoyle hurls a stone arrow at you.
The stone arrow hits you!
* * * LOW HITPOINT WARNING * * *
You hit the gargoyle but do no damage.
The gargoyle is moderately damaged.
The gargoyle hurls a stone arrow at you.
The stone arrow hits you!
* * * LOW HITPOINT WARNING * * *
Zapping:
C - a wand of paralysis (will waste charges)
Press: ? - help, Shift-Dir - straight line, f - gargoyle
Aim: a gargoyle, wielding a mace (moderately damaged, chance 28%)
The gargoyle easily resists.
Evoking this partially-identified wand wasted a few charges.
The gargoyle hits you with a mace!
You die...

#############
#...........#
#.#########.# #.#
#.# #.# #.# #.#
#.# #.# #####.#
#.#
#....@#########
######.#
##.##..9h......#
.......#
##..(##.#######.#
#
#####..###..<..#.#
#h##% ### #
#.............#
#.#.# ... #
##..###.....รท.#
#.#.# ... #
#..........<.#
##.#.###.# #
#.#########.##
#...#...#
#####.#########.#
###...##..#


You could see a gargoyle and a jackal.

Vanquished Creatures
  An ogre (D:4)
  A crimson imp (D:5)
  A jelly (D:5)
  2 worker ants
  9 adders
  2 giant mites
  3 worms (D:2)
  The ghost of Antunes the Sneak, a weakling SpAs (D:4)
  4 giant geckos
  An ooze (D:5)
  8 orcs
  8 bats
  5 giant cockroaches
  7 goblins
  6 hobgoblins
  8 jackals
  A giant gecko skeleton (D:4)
  4 giant newts
  11 kobolds
  3 quokkas (D:3)
  15 rats
101 creatures vanquished.

Notes
Turn   | Place    | Note
--------------------------------------------------------------
     0 | D:1      | aerikr, the Hill Orc Fighter, began the quest for the Orb.
     0 | D:1      | Reached XP level 1. HP: 19/19 MP: 1/1
   124 | D:1      | Reached skill level 4 in Fighting
   124 | D:1      | Reached XP level 2. HP: 21/27 MP: 2/2
   959 | D:2      | Reached XP level 3. HP: 33/33 MP: 3/3
  1181 | D:2      | Reached XP level 4. HP: 18/41 MP: 4/4
  1511 | D:2      | Reached skill level 5 in Axes
  1527 | D:2      | Found a blossoming altar of Fedhas.
  1541 | D:2      | Found a shimmering altar of Xom.
  1550 | D:2      | Found an ancient bone altar of Kikubaaqudgha.
  1551 | D:2      | Found a stormy altar of Qazlal.
  1551 | D:2      | Found a glowing golden altar of the Shining One.
  1552 | D:2      | Found a snail-covered altar of Cheibriados.
  1559 | D:2      | Found a radiant altar of Vehumet.
  1560 | D:2      | Found an opulent altar of Gozag.
  1569 | D:2      | Found a sacrificial altar of Ru.
  1577 | D:2      | Became a worshipper of Ru the Awakened
  1846 | D:3      | Reached XP level 5. HP: 38/47 MP: 5/5
  2257 | D:3      | Found a glowing drain.
  2680 | D:4      | Noticed Antunes' ghost (weakling SpAs)
  2687 | D:4      | Killed Antunes' ghost
  2705 | D:4      | Found Sturaz's Gadget Boutique.
  2721 | D:4      | Found Asoegoex's General Store.
  3054 | D:4      | Reached skill level 6 in Axes
  3234 | D:4      | Noticed an ogre
  3244 | D:4      | Killed an ogre
  3795 | D:5      | Entered Level 5 of the Dungeon
  3802 | D:5      | Reached skill level 5 in Fighting
  3802 | D:5      | Reached XP level 6. HP: 52/56 MP: 6/6
  4118 | D:5      | Noticed a gargoyle
  4158 | D:5      | Mangled by a gargoyle

Action                   |  1- 3 |  4- 6 || total
-------------------------+-------+-------++-------
Melee: War axe           |    98 |   119 ||   217
       Hand axe          |       |    70 ||    70
Evoke: Wand              |       |     3 ||     3
  Use: Scroll            |       |     6 ||     6
       Potion            |       |     7 ||     7
  Eat: Meat ration       |     1 |       ||     1
       Beef jerky        |       |     4 ||     4
